Map: Tours du crépuscule

Players

Worming

  • Race: Zerg Zerg
  • League: Diamond

Timmong - Winner!

  • Race: Zerg Zerg
  • League: Diamond

VOD

Have the link to the VOD?

Description

Time

  • Played on: Nov. 21, 2015, 8 a.m.
  • Length: 11:21
Show
View Real Time Build Order
Export as new Build Order

Worming Zerg 

Build Orders: Hatch First 

Get SALT Encoding   

  12  0:01  Drone  
  13  0:12  Overlord  
  13  0:23  Drone  
  14  0:31  Drone x2  
  14  0:35  Drone  
  17  0:54  Hatchery  
  17  0:56  Drone  
  17  1:05  Drone, Extractor  
  17  1:18  Drone, Spawning Pool  
  17  1:22  Drone  
  18  1:29  Drone  
  19  1:39  Drone  
  20  1:55  Drone  
  21  2:05  Queen x2  
  21  2:07  Zergling x4  
  27  2:10  Metabolic Boost  
  27  2:13  Overlord  
  27  2:16  Drone  
  28  2:27  Baneling Nest  
  28  2:29  Drone  
  28  2:42  Zergling x6  
  31  2:59  Overlord  
  31  3:05  Zergling x4  
  33  3:21  Drone x9  
  42  3:29  Zergling x2  
  43  3:41  Roach Warren  
  41  3:50  Baneling x2, Hatchery  
  41  3:52  Drone x3  
  41  3:53  Overlord  
  43  4:16  Drone x3  
  43  4:17  Drone x4  
  49  4:18  Lair  
  47  4:35  Extractor  
  47  4:36  Extractor  
  44  4:41  Overlord x2  
  44  4:49  Queen  
  46  4:56  Overlord  
  46  5:02  Drone x5  
  46  5:04  Overlord  
  46  5:05  Roach  
  46  5:06  Roach x5  
  63  5:15  Glial Reconstitution  
  63  5:30  Drone x7  
  70  5:43  Drone x7  
  77  5:52  Drone, Evolution Chamber  
  77  6:04  Overlord  
  77  6:05  Roach  
  77  6:06  Roach x5  
  77  6:07  Overlord x2  
  77  6:11  Extractor  
  88  6:13  Baneling x2, Spine Crawler  
  88  6:15  Spine Crawler  
  88  6:17  Zerg Missile Weapons Level 1  
  86  6:21  Drone  
  86  6:22  Drone x2, Extractor  
  86  6:23  Drone  
  86  6:24  Drone x2  
  91  6:34  Roach x6  
  103  6:46  Drone x3, Extractor  
  105  6:48  Drone x5  
  110  6:57  Baneling x2  
  110  7:00  Overlord x4  
  109  7:15  Infestation Pit  
  108  7:20  Overlord  
  108  7:22  Roach x7  
  122  7:30  Ravager x2  
  122  7:31  Ravager x7  
  122  7:34  Drone x2  
  133  7:39  Hatchery  
  132  7:47  Roach x7  
  132  7:49  Overlord x3  
  132  7:51  Pathogen Glands  
  146  8:09  Zergling x24  
  158  8:21  Roach x3  
  158  8:23  Hive  
  158  8:24  Zerg Missile Weapons Level 2  
  164  8:28  Overlord, Pneumatized Carapace  
  164  8:36  Overlord x2  
  164  8:44  Queen  
  164  8:48  Zergling x2  
  167  8:49  Zergling x2  
  165  9:11  Queen  
  165  9:16  Overlord x2  
  167  9:21  Tunneling Claws  
  167  9:22  Hydralisk Den  
  166  9:27  Extractor  
  166  9:29  Extractor  
  166  9:30  Hatchery  
  141  9:47  Burrow  
  141  9:51  Lurker Den  
  141  9:56  Viper x2  
  141  9:58  Roach  
  141  9:59  Roach x23  
  195  10:08  Drone x3  
  195  10:09  Drone x2  
  195  10:10  Overlord  
  195  10:12  Overseer  
  152  10:41  Hydralisk  
  152  10:42  Roach x2, Hydralisk x2  
  99  10:43  Roach  
  99  10:44  Roach x9  
  113  10:55  Roach  
  113  10:56  Roach x6  
Show
View Real Time Build Order
Export as new Build Order

Timmong Zerg - Winner!

Build Orders: Hatch First, Lurkers 

Get SALT Encoding   

  12  0:01  Drone  
  13  0:08  Drone  
  14  0:17  Overlord  
  15  0:35  Drone x2  
  15  0:36  Drone  
  17  0:55  Drone  
  18  0:59  Hatchery  
  18  1:00  Drone  
  18  1:08  Drone  
  18  1:11  Extractor  
  18  1:21  Drone, Spawning Pool  
  18  1:30  Drone  
  19  1:41  Overlord  
  19  2:08  Queen  
  19  2:10  Zergling x4  
  19  2:12  Queen  
  19  2:13  Drone, Metabolic Boost  
  27  2:15  Zergling x2  
  27  2:24  Drone  
  27  2:25  Zergling x2  
  29  2:37  Zergling x2  
  29  2:38  Drone  
  31  2:45  Overlord  
  31  2:47  Drone  
  32  3:02  Drone  
  32  3:04  Roach Warren  
  32  3:06  Evolution Chamber  
  32  3:07  Zergling x2  
  32  3:11  Drone x2  
  32  3:21  Zergling x6  
  32  3:25  Overlord  
  35  3:32  Overlord  
  34  3:42  Zerg Ground Armor Level 1  
  34  3:45  Roach  
  34  3:46  Roach  
  38  3:51  Drone x3  
  38  3:55  Drone x3  
  44  3:57  Roach  
  44  3:58  Roach  
  44  4:00  Roach  
  50  4:21  Drone  
  50  4:22  Overlord x2  
  51  4:40  Hatchery  
  51  4:44  Drone x6  
  56  4:46  Extractor  
  56  4:48  Roach x2  
  56  4:49  Roach, Extractor  
  60  5:00  Lair  
  60  5:02  Extractor  
  59  5:14  Zergling x2, Roach  
  59  5:15  Zergling x4  
  59  5:17  Zergling x2  
  59  5:18  Zergling x6  
  68  5:29  Overlord  
  68  5:31  Overlord x2  
  68  5:54  Queen, Drone  
  71  5:57  Drone x3  
  71  6:01  Zerg Ground Armor Level 2  
  74  6:06  Evolution Chamber  
  74  6:07  Zergling x2, Roach  
  74  6:08  Zergling x8  
  74  6:09  Drone  
  81  6:11  Drone x3  
  84  6:20  Overseer  
  84  6:29  Hydralisk Den  
  84  6:30  Ravager  
  86  6:33  Roach x2  
  86  6:38  Zergling x10  
  86  6:39  Overlord x2  
  93  6:51  Roach x2  
  97  6:59  Ravager x2  
  99  7:02  Zergling x4  
  101  7:08  Drone  
  101  7:09  Drone x3  
  105  7:30  Drone x2  
  105  7:31  Roach x2  
  105  7:32  Roach  
  105  7:33  Lurker Den  
  105  7:36  Zerg Missile Weapons Level 1  
  112  7:58  Drone x2, Overlord  
  114  7:59  Overlord  
  114  8:04  Overlord  
  114  8:05  Overlord x2  
  114  8:06  Overlord x3  
  114  8:22  Nydus Network  
  114  8:23  Drone x2  
  114  8:26  Extractor  
  114  8:27  Extractor  
  114  8:29  Roach x3  
  114  8:30  Hydralisk  
  114  8:31  Roach, Hydralisk x4  
  131  9:03  Lurker  
  131  9:04  Lurker x4  
  131  9:07  Overseer  
  136  9:10  Drone x2  
  136  9:11  Drone x4  
  136  9:12  Overlord  
  136  9:13  Zergling x12  
  148  9:23  Drone x2  
  124  9:49  Roach x2  
  124  9:50  Roach x3  
  134  9:53  Hydralisk x5  
  144  10:12  Hydralisk x5  
  151  10:26  Hydralisk  
  151  10:27  Hydralisk x3  
  143  10:43  Hydralisk x3  
  143  10:44  Hydralisk  
  143  10:48  Zergling x6  
  143  10:49  Zergling x8  
  158  10:50  Zergling x6  
Tags
 
Add a new tag
Caveats
  • Supply blocks, unpowered buildings, or Contaminate may cause inaccurate times.
  • Supply counts are checked every 10 seconds.